 Dungeon Crawl Stone Soup version 0.30-a0-1082-g70414cbcbb (webtiles) character file.

Game seed: 139955732487259410

2415 Lusmu the Covert (level 9, -6/55 HPs)
             Began as a Kobold Brigand on Apr 15, 2023.
             Mangled by a two-headed ogre
             ... wielding a +0 giant club
              (24 damage)
             ... on level 7 of the Dungeon.
             The game lasted 00:45:27 (6329 turns).

Lusmu the Covert (Kobold Brigand)                   Turns: 6329, Time: 00:45:27

Health: -6/55      AC:  5    Str:  8    XL:     9   Next: 76%
Magic:  16/16      EV: 33    Int: 15    God:
Gold:   290        SH:  0    Dex: 18    Spells: 15/18 levels left

rFire   + . .      SeeInvis .    w - +2 short sword (drain)
rCold   . . .      Faith    .    (no shield)
rNeg    . . .      Spirit   .    r - +1 robe {Will+}
rPois   .          Reflect  .    q - +0 helmet
rElec   .          Rampage  .    c - +0 cloak
rCorr   .                        (no gloves)
Will    +....                    (no boots)
Stlth   +++++                    J - amulet of the acrobat
HPRegen 0.29/turn                z - ring of protection from fire
MPRegen 0.15/turn                (no ring)

@: acrobatic
A: small, no large weapons, nightstalker 3
a: no special abilities


You were on level 7 of the Dungeon.
You visited 1 branch of the dungeon, and saw 7 of its levels.

You collected 290 gold pieces.

Inventory:

Hand Weapons
 a - a +2 dagger
 f - a +2 short sword of speed
 w - a +2 short sword of draining (weapon)
Missiles
 d - 19 poisoned darts (quivered)
 D - 3 boomerangs
 E - 6 atropa-tipped darts
 I - 4 throwing nets
Armour
 c - a +0 cloak (worn)
 q - a +0 helmet (worn)
 r - a +1 robe of willpower (worn)
Magical Staves
 v - a staff of fire
Jewellery
 z - a ring of protection from fire (left hand)
 J - an amulet of the acrobat (around neck)
Wands
 n - a wand of charming (7)
 p - a wand of polymorph (17)
 A - a wand of digging (3)
 G - a wand of iceblast (8)
Scrolls
 g - a scroll of amnesia
 i - 2 scrolls of fear
 j - 2 scrolls of magic mapping
 l - 2 scrolls of vulnerability {unknown}
 o - 2 scrolls of immolation {unknown}
 y - a scroll of fog
 B - a scroll of noise {unknown}
 C - 2 scrolls of teleportation
 F - 2 scrolls of butterflies {unknown}
Potions
 b - 4 potions of curing
 h - 2 potions of haste
 k - a potion of cancellation {unknown}
 m - 2 potions of mutation {unknown}
 t - 2 potions of brilliance {unknown}
 u - 2 potions of flight {unknown}
 x - 2 potions of might {unknown}
 H - a potion of degeneration {unknown}


   Skills:
 + Level 6.0 Fighting
 + Level 6.3 Short Blades
 - Level 6.0 Throwing
 + Level 6.1 Dodging
 + Level 9.0 Stealth
 - Level 5.0 Spellcasting
 - Level 2.0 Evocations


You had 15 spell levels left.
You knew the following spells:

 Your Spells              Type           Power      Damage    Failure   Level
a - Mephitic Cloud        Conj/Pois/Air  3%         N/A       43%         3

Your spell library contained the following spells:

 Spells                   Type           Power      Damage    Failure   Level
 Magic Dart               Conj           12%        1d3       16%         1
 Call Imp                 Summ           6%         N/A       24%         2


Dungeon Overview and Level Annotations

Branches:
Dungeon (7/15)             Temple (0/1) D:6

Altars:
Fedhas
Hepliaklqana
Yredelemnul
The Shining One


Innate Abilities, Weirdness & Mutations

You are small and have problems with some larger weapons.
You are completely attuned to the shadows.


Message History

You hit the phantom but do no damage.
The phantom is moderately damaged.
You hit the phantom.
The phantom is heavily damaged.
The phantom completely misses you.
You hit the phantom.
The phantom is severely damaged.
The phantom barely misses you.
You closely miss the phantom.
The phantom is severely damaged.
You closely miss the phantom.
The phantom is severely damaged.
The phantom barely misses you.
You puncture the phantom!
The phantom is almost destroyed.
The phantom barely misses you.
You closely miss the phantom.
The phantom is almost destroyed.
You closely miss the phantom.
The phantom is almost destroyed.
The phantom hits you!
The phantom blinks!
You blink.
The two-headed ogre misses you.
The two-headed ogre hits you with a +0 giant club!
The phantom attacks as you move away! The phantom misses you.
The two-headed ogre looks more healthy.
The two-headed ogre attacks as you move away!
The two-headed ogre hits you with a +0 giant club!!
* * * LOW HITPOINT WARNING * * *
The two-headed ogre completely misses you.
The two-headed ogre attacks as you move away!
The two-headed ogre completely misses you.
The two-headed ogre hits you with a +0 giant club.
* * * LOW HITPOINT WARNING * * *
The phantom hits you.
* * * LOW HITPOINT WARNING * * *
You feel much better. The phantom completely misses you.
The phantom misses you.
The two-headed ogre attacks as you move away!
The two-headed ogre hits you with a +0 giant club!!
You die...

##..###...........
#######..## #...........
#.......## #...........
#.###..#################
#.#..>........
#.#.###.......
#.....'.......
###.###....... #.#
#@....... #.# #OW......
####.###.......
#............##
#............#
#............#
#............#
.............#
..........#


You could see a two-headed ogre and a phantom.

Vanquished Creatures
  A hornet (D:6)
  Prince Ribbit (D:5)
  An orc warrior (D:7)
  An ice beast (D:6)
  A tengu (D:2)
  2 ogres
  2 phantoms (D:6)
  Blork the orc (D:4)
  A gnoll sergeant (D:7)
  4 scorpions
  4 killer bees (D:7)
  A howler monkey (D:6)
  3 jellies
  A hound (D:5)
  An orc priest (D:5)
  2 gnoll boudas (D:7)
  Ijyb (D:4)
  4 sleepcaps
  Jessica (D:2)
  An orc wizard (D:5)
  4 iguanas
  Robin (D:2)
  11 gnolls
  5 adders
  2 shadow imps
  3 ufetubi
  4 worms
  3 dart slugs
  7 orcs
  13 endoplasms
  2 giant cockroaches (D:2)
  14 goblins
  16 hobgoblins
  9 jackals
  7 quokkas
  6 ball pythons
  9 bats
  5 frilled lizards
  8 kobolds
  6 rats
169 creatures vanquished.

Vanquished Creatures (collateral kills)
  An orc wizard (D:7)
  An orc (D:7)
2 creatures vanquished.

Vanquished Creatures (others)
  A bullfrog (D:7)
  A killer bee (D:7)
  2 plants
4 creatures vanquished.

Grand Total: 175 creatures vanquished

Notes
Turn   | Place    | Note
-------+----------+-------------------------------------------
     0 | D:1      | Lusmu the Kobold Brigand began the quest for the Orb.
     0 | D:1      | Reached XP level 1. HP: 12/12 MP: 1/1
     0 | D:1      | Noticed a draconian
     1 | D:1      | Noticed a vine stalker
     3 | D:1      | Noticed a barachi
     5 | D:1      | Noticed a ghoul
     5 | D:1      | Noticed a ghoul
     7 | D:1      | Noticed a ghoul
     8 | D:1      | Noticed a spriggan
    11 | D:1      | Noticed a spriggan
    11 | D:1      | Noticed a vampire
    13 | D:1      | Noticed a formicid
    15 | D:1      | Noticed a draconian
    17 | D:1      | Noticed an octopode
    17 | D:1      | Noticed an octopode
    18 | D:1      | Noticed a minotaur
    19 | D:1      | Noticed a formicid
    19 | D:1      | Noticed a merfolk
    90 | D:1      | Reached XP level 2. HP: 15/18 MP: 2/2
   331 | D:1      | Reached XP level 3. HP: 22/22 MP: 3/3
   397 | D:1      | Found a faded altar of an unknown god.
   873 | D:2      | Noticed Jessica
   879 | D:2      | Killed Jessica
   880 | D:2      | Reached skill level 6 in Stealth
   880 | D:2      | Reached XP level 4. HP: 27/27 MP: 4/4
   904 | D:2      | Noticed Robin
   940 | D:2      | Killed Robin
  1311 | D:2      | Reached XP level 5. HP: 32/32 MP: 5/5
  1311 | D:2      | Noticed Sigmund
  1491 | D:2      | Sigmund changed into Sigmund the tengu
  1491 | D:2      | Noticed Sigmund
  1512 | D:2      | Killed Sigmund the tengu
  1513 | D:2      | Reached XP level 6. HP: 21/37 MP: 6/6
  2449 | D:3      | You fall into a shaft and drop 3 floors!
  2457 | D:5      | Entered Level 5 of the Dungeon
  2570 | D:5      | Found a basalt altar of Yredelemnul.
  2645 | D:5      | Noticed Prince Ribbit
  2822 | D:5      | Reached skill level 5 in Short Blades
  2822 | D:5      | Reached skill level 7 in Stealth
  2851 | D:5      | Reached XP level 7. HP: 43/43 MP: 7/7
  3150 | D:4      | Reached skill level 5 in Fighting
  3150 | D:4      | Reached skill level 8 in Stealth
  3169 | D:4      | Noticed Ijyb
  3173 | D:4      | Killed Ijyb
  3214 | D:4      | Found a hazy altar of Hepliaklqana.
  3431 | D:3      | Found a glowing golden altar of the Shining One.
  3600 | D:3      | Reached skill level 1 in Evocations
  3819 | D:4      | Found a blossoming altar of Fedhas.
  3859 | D:4      | Reached skill level 1 in Spellcasting
  3870 | D:4      | Noticed Blork the orc
  3879 | D:4      | Killed Blork the orc
  4074 | D:4      | Reached XP level 8. HP: 42/49 MP: 10/10
  4366 | D:5      | Killed Prince Ribbit
  4367 | D:5      | Reached skill level 5 in Throwing
  4993 | D:6      | Noticed a hornet
  5294 | D:6      | Reached XP level 9. HP: 54/54 MP: 13/15
  5307 | D:6      | Reached skill level 5 in Dodging
  5394 | D:6      | Killed a hornet
  5478 | D:6      | Found a staircase to the Ecumenical Temple.
  5831 | D:7      | Noticed a two-headed ogre
  6188 | D:7      | Reached skill level 5 in Spellcasting
  6202 | D:7      | Reached skill level 9 in Stealth
  6240 | D:7      | Learned a level 3 spell: Mephitic Cloud
  6325 | D:7      | HP: 1/55 [phantom (6)]
  6329 | D:7      | Mangled by a two-headed ogre

Illustrated notes

Levels and vault maps discovered:
D:1:      shiori_arrival_whats_in_store_for_you, layout_rooms,
          shapermc_ecumenical_altar_hornbeckon, serial_corexii_hall,
          chequers_hall_statues_corner_a, corexii_hall_statues_i
D:2:      minmay_angry_zag, layout_rooms, uniq_sigmund, uniq_jessica, uniq_robin
D:3:      layout_basic, mainiacjoe_overflow_tiny_flanked,
          corexii_hall_statues_i, minmay_liquid_box
D:4:      layout_loops_ring, mainiacjoe_overflow_six_doors_small,
          nicolae_hepliaklqana_hazy_memory, minmay_unequal, uniq_blork_the_orc,
          uniq_ijyb
D:5:      layout_basic, mainiacjoe_overflow_catwalk, uniq_prince_ribbit1
D:6:      layout_loops_cross, minmay_temple_entry_mini_moons, item_on_display_a
D:7:      layout_basic, nicolae_ashenzari_panopticon

Skill      XL: |  1  2  3  4  5  6  7  8  9 |
---------------+----------------------------+-----
Short Blades   | 3 4 5 6 |  6.3
Throwing       | 3 4 6 |  6.0
Stealth        | 6 7 8 9 |  9.0
Fighting       | 3 4 5 6 |  6.0
Evocations     | 1 2 |  2.0
Spellcasting   | 1 4 5 |  5.0
Dodging        | 2 4 6 |  6.1

Action                     |  1- 3 |  4- 6 |  7- 9 || total
---------------------------+-------+-------+-------++-------
  Melee: Dagger            |    86 |   169 |       ||   255
         Short sword       |       |    24 |   247 ||   271
         Punch             |       |     2 |     4 ||     6
  Throw: Dart              |    12 |    17 |     9 ||    38
  Evoke: Wand              |       |     1 |     4 ||     5
    Use: Scroll            |       |     4 |     5 ||     9
         Potion            |       |       |     1 ||     1
   Stab: Sleeping          |    12 |    20 |    45 ||    77
         Distracted        |       |     1 |       ||     1
         Invisible         |       |       |     1 ||     1
 Armour: Robe              |    28 |    20 |    28 ||    76
         Ring mail         |       |    20 |       ||    20
  Dodge: Dodged            |    71 |   115 |   144 ||   330

Table legend: (Time is in decaauts)
 A = Elapsed time spent in this place.
 B = Non-inter-level travel time spent in this place.
 C = Inter-level travel time spent in this place.
 D = Time resting spent in this place.
 E = Time spent auto-exploring this place.
 F = Levels seen in this place.
 G = Mean time per level.
                   A        B        C        D        E       F      G
               +--------+--------+--------+--------+--------+-----+--------+
         Total |   6215 |   5920 |    295 |    388 |   3245 |   7 |  887.9 |
       Dungeon |   6215 |   5920 |    295 |    388 |   3245 |   7 |  887.9 |
               +--------+--------+--------+--------+--------+-----+--------+

Top non-repeatable levels by time:
     D:5: 1259 daAuts
     D:2: 1118 daAuts
     D:1: 1008 daAuts
     D:6: 905 daAuts
     D:4: 802 daAuts
     D:3: 669 daAuts
     D:7: 453 daAuts
